 Dungeon Crawl Stone Soup version 0.29.0 (webtiles) character file.

Game seed: 17554348765633164009

7 GigaChad the Covered (level 1, 0/20 HPs)
             Began as a Minotaur Fighter on Aug 25, 2022.
             Succumbed to a kobold's poison
             ... on level 1 of the Dungeon.
             The game lasted 00:00:39 (216 turns).

GigaChad the Covered (Minotaur Fighter)              Turns: 216, Time: 00:00:39

Health: 0/20       AC:  7    Str: 20    XL:     1   Next: 83%
Magic:  0/0        EV:  6    Int:  5    God:
Gold:   0          SH:  4    Dex:  9    Spells: 0/0 levels left

rFire   . . .      SeeInvis .   a - +0 long sword
rCold   . . .      Faith    .   c - +0 buckler
rNeg    . . .      Spirit   .   b - +0 scale mail
rPois   .          Reflect  .   (helmet restricted)
rElec   .          Harm     .   (no cloak)
rCorr   .          Rampage  .   (no gloves)
Will    .....                   (no boots)
Stlth   ..........              (no amulet)
HPRegen 0.06/turn               (no ring)
MPRegen 0.07/turn               (no ring)

@: lethally poisoned (0 -> -11), constricted
A: horns 2, retaliatory headbutt
a: no special abilities


You were on level 1 of the Dungeon.
You visited 1 branch of the dungeon, and saw 1 of its levels.

Inventory:

Hand Weapons
 a - a +0 long sword (weapon)
Armour
 b - a +0 scale mail (worn)
 c - a +0 buckler (worn)
Jewellery
 f - a ring of protection from cold
Scrolls
 e - a scroll of vulnerability {unknown}
 g - a scroll of enchant weapon {unknown}
 h - a scroll of torment {unknown}
 i - a scroll of teleportation {unknown}
Potions
 d - a potion of might


   Skills:
 + Level 3.7 Fighting
 + Level 2.6 Long Blades
 + Level 3.9 Armour
 + Level 3.7 Shields


You couldn't memorise any spells.
You didn't know any spells.
Your spell library contained the following spells:

 Spells                   Type           Power      Damage    Failure   Level
 Animate Dead             Necr           0%         N/A       100%        4
 Haunt                    Necr/Summ      0%         N/A       100%        7
 Infestation              Necr           0%         N/A       100%        8


Dungeon Overview and Level Annotations

Branches:
Dungeon (1/15)

Altars:


Innate Abilities, Weirdness & Mutations

You have a pair of horns on your head.
You reflexively headbutt those who attack you in melee.


Message History

The kobold shouts!
The ball python hisses angrily.
The kobold throws a stone.
The stone closely misses you.
A bat comes into view.
The bat hits you but does no damage.
You see here a glowing yellow potion.
The bat barely misses you. The bat hits you but does no damage.
The bat hits you.
You hit the bat.
The bat is moderately wounded.
The bat hits you but does no damage. The bat misses you.
You barely miss the bat.
The bat is moderately wounded.
The bat closely misses you.
The kobold hits you with a +2 short sword of venom.
You are poisoned.
You block the bat's attack.
You closely miss the bat.
The bat is moderately wounded.
You feel very sick. The bat hits you. The kobold hits you but does no damage.
You are lethally poisoned!
The bat barely misses you.
You hit the bat.
The bat is severely wounded.
* * * LOW HITPOINT WARNING * * *
You feel very sick. The bat barely misses you. The kobold misses you.
You furiously retaliate!
You headbutt the kobold!
You kill the kobold!
The bat hits you but does no damage.
The ball python bites you but does no damage.
The ball python grabs you. The ball python constricts you.
You hit the bat.
You kill the bat!
* * * LOW HITPOINT WARNING * * *
You feel very sick.
The ball python bites you but does no damage.
The ball python constricts you.
The ball python's grasp on you weakens, but your attempt to escape fails.
You die...

.#
###..#.###......
.#
#.........SK#.S.
.#
#.###.....S....K.
.. #......### ##
#.###S#...# ..##
#K# ### #.# #.#
#. #.#####.# .
#KS@....# .#
#########


You could see a ball python and a kobold.

Vanquished Creatures
  A kobold (D:1)
  4 bats (D:1)
  A frilled lizard (D:1)
6 creatures vanquished.

Notes
Turn   | Place    | Note
-------+----------+-------------------------------------------
     0 | D:1      | GigaChad the Minotaur Fighter began the quest for the Orb.
     0 | D:1      | Reached XP level 1. HP: 19/19 MP: 0/0
   216 | D:1      | Succumbed to a kobold's poison

Illustrated notes

Levels and vault maps discovered:
D:1:      scummos_arrival_simple_crosswalls, layout_loops_ring,
          ebering_ecumenical_altar_petrified, hangedman_decor_points

Action                   || total
-------------------------++-------
Melee: Long sword        ||    10
Armor: Scale mail        ||    14
Dodge: Dodged            ||    14
Block: Buckler           ||     4
